 Dungeon Crawl Stone Soup version 0.30-a0-364-gf6b3ef1049 (webtiles) character file.

Game seed: 14148029350357928488

117 quinnr the Chiller (level 5, -1/42 HPs)
             Began as a Naga Ice Elementalist on Nov 11, 2022.
             Slain by an orc priest
             ... wielding a +0 club
              (4 damage)
             ... on level 3 of the Dungeon on Nov 16, 2022.
             The game lasted 00:07:36 (2458 turns).

quinnr the Chiller (Naga Ice Elementalist)          Turns: 2458, Time: 00:07:37

Health: -1/42      AC:  2    Str: 10    XL:     5   Next: 1%
Magic:  8/8        EV: 10    Int: 17    God:
Gold:   140        SH:  0    Dex: 12    Spells: 4/8 levels left

rFire   . . .      SeeInvis +    r - staff of conjuration {!a}
rCold   . . .      Faith    .    (no shield)
rNeg    . . .      Spirit   .    a - +0 robe
rPois   +          Reflect  .    (no helmet)
rElec   .          Harm     .    (no cloak)
rCorr   .          Rampage  .    (no gloves)
Will    .....                    (no barding)
Stlth   +++.......               (no amulet)
HPRegen 0.27/turn                (no ring)
MPRegen 0.11/turn                (no ring)

@: attractive, very slow
A: AC +1, large, see invisible, deformed body, poison resistance, slowness 2,
spit poison 1, naga tail 1
a: Spit Poison


You were on level 3 of the Dungeon.
You visited 1 branch of the dungeon, and saw 3 of its levels.

You collected 140 gold pieces.


Innate Abilities, Weirdness & Mutations

Your serpentine skin is tough. (AC +1)
You have supernaturally acute eyesight. (SInv)
Armour fits poorly on your strangely shaped body.
Your system is resistant to poisons. (rPois)
You cover ground very slowly.
You can spit poison.
You have a snake-like lower body.


   Skills:
 - Level 1.6 Dodging
 - Level 5.0 Stealth
 - Level 2.0 Spellcasting
 * Level 5.5 Ice Magic


You had 4 spell levels left.
You knew the following spells:

 Your Spells              Type           Power      Damage    Failure   Level
f - Freeze                Ice            80%        1d9       1%          1
r - Frozen Ramparts       Ice            40%        1d7       6%          3

Your spell library contained the following spells:

 Spells                   Type           Power      Damage    Failure   Level
 Ozocubu's Armour         Ice            20%        N/A       6%          3
 Kiss of Death            Conj/Necr      8%         2d6       19%         1
 Confusing Touch          Hex            1%         N/A       50%         3
 Summon Ice Beast         Ice/Summ       11%        N/A       52%         4
 Dispel Undead            Necr           1%         3d6       88%         4

Inventory:

Hand Weapons
 m - a +0 dagger of draining
Missiles
 k - 7 poisoned darts
Armour
 a - a +0 robe (worn)
Magical Staves
 r - a staff of conjuration (weapon) {!a}
Jewellery
 F - a ring of fire
Scrolls
 c - a scroll of magic mapping {unknown}
 f - a scroll of immolation {unknown}
 g - a scroll of enchant weapon {unknown}
 h - 4 scrolls of fog {unknown}
 i - 2 scrolls of amnesia {unknown}
 j - a scroll of vulnerability {unknown}
 n - 2 scrolls of fear {unknown}
 o - 2 scrolls of enchant armour {unknown}
 q - 2 scrolls of identify {unknown}
 s - a scroll of teleportation {unknown}
Potions
 d - a potion of might {unknown}
 e - 3 potions of attraction
 l - a potion of curing {unknown}
 p - a potion of berserk rage {unknown}

Dungeon Overview and Level Annotations

Branches:
Dungeon (3/15)

Altars:

..8#....'######
..###...#....≈###
..##....#....≈#..
..##....#....≈#>#
..8###..#≈≈≈≈≈#.#
†.##†...######+.#
..##............##
..######....§..oo#
..8 ##.....##@#
..## ##..†#####
... #8...8# ....
##...## #...#
#..........
#8......J..o
##......o..o
##8###⌠###8


You could see an orc priest and an orc wizard.


Message History

Aiming: Freeze (safe; 1% risk of failure)
Press: ? - help, Shift-Dir - straight line, f/p - orc priest
Aim: an orc priest, wielding a +0 club and wearing a +0 ring mail (heavily wounded)
You freeze the orc priest.
The orc priest is severely wounded.
The orc priest hits you with a +0 club.
* * * LOW HITPOINT WARNING * * *
The orc wizard is attracted toward you.
Casting: Freeze (safe; 1% risk of failure)
Confirm with . or Enter, or press ? or * to list all spells.
Aiming: Freeze (safe; 1% risk of failure)
Press: ? - help, Shift-Dir - straight line, f/p - orc priest
Aim: an orc priest, wielding a +0 club and wearing a +0 ring mail (severely wounded)
You freeze the orc priest.
The orc priest is almost dead.
The orc wizard hits you but does no damage.
The orc priest hits you with a +0 club.
* * * LOW HITPOINT WARNING * * *
Unknown command.
Casting: Freeze (safe; 1% risk of failure)
Confirm with . or Enter, or press ? or * to list all spells.
You don't have enough magic to cast this spell.
Unknown command.
Unknown command.
Magic courses through your body.
The orc wizard gestures at you while chanting.
The puff of flame hits you!
* * * LOW HITPOINT WARNING * * *
The orc priest hits you with a +0 club.
You die...

Skill      XL: |  1  2  3  4 |
---------------+-------------+-----
Stealth        | 4 5 |  5.0
Ice Magic      | 5 |  5.5
Dodging        | |  1.6
Spellcasting   | |  2.0

Action                   |  1- 3 |  4- 6 || total
-------------------------+-------+-------++-------
Melee: Unarmed           |     3 |       ||     3
 Cast: Freeze            |    59 |    24 ||    83
       Frozen Ramparts   |     2 |     1 ||     3
  Use: Potion            |       |     2 ||     2
Armor: Robe              |    22 |     4 ||    26
Dodge: Dodged            |    44 |     8 ||    52

Levels and vault maps discovered:
D:1:      dpeg_arrival_refuge, layout_loops_ring,
          shapermc_ecumenical_altar_rom_forum
D:2:      layout_loops_ring
D:3:      lemuel_castle_with_subvaults [lemuel_castle_interior_carwin_3],
          layout_rooms, serial_corexii_hall, corexii_hall_statues_i,
          corexii_hall_statues_u, corexii_hall_statues_deadend,
          minmay_misc_feat_ornament, chequers_serial_rivers_room_a,
          feat_on_display, uniq_robin

Notes
Turn   | Place    | Note
-------+----------+-------------------------------------------
     0 | D:1      | quinnr the Naga Ice Elementalist began the quest for the
                  | Orb.
     0 | D:1      | Reached XP level 1. HP: 15/15 MP: 3/3
     0 | D:1      | Upgraded the game from 0.30-a0-358-g0d69a1922f to
                  | 0.30-a0-364-gf6b3ef1049
   171 | D:1      | Reached XP level 2. HP: 22/22 MP: 1/5
   266 | D:1      | Found a faded altar of an unknown god.
   307 | D:1      | Got Plato's Treatise on Iniquitous Rituals and
                  | Confrontation
   893 | D:2      | Reached XP level 3. HP: 15/28 MP: 2/6
   969 | D:2      | Reached skill level 4 in Stealth
   973 | D:2      | Learned a level 3 spell: Frozen Ramparts
  1774 | D:2      | Reached skill level 5 in Ice Magic
  1774 | D:2      | Reached XP level 4. HP: 36/36 MP: 1/7
  2451 | D:3      | Reached skill level 5 in Stealth
  2451 | D:3      | Reached XP level 5. HP: 20/42 MP: 3/8
  2458 | D:3      | HP: 3/42 [orc wizard/puff of flame (9)]
  2458 | D:3      | Slain by an orc priest

Vanquished Creatures
  An orc priest (D:3)
  3 adders
  A worm (D:2)
  An orc (D:3)
  2 ball pythons
  9 endoplasms
  3 giant cockroaches
  4 hobgoblins
  6 kobolds
  6 bats
  3 frilled lizards
  9 goblins
  4 rats
52 creatures vanquished.

Vanquished Creatures (others)
  3 fungi (D:1)
  2 plants (D:1)
5 creatures vanquished.

Grand Total: 57 creatures vanquished

Table legend: (Time is in decaauts)
 A = Elapsed time spent in this place.
 B = Non-inter-level travel time spent in this place.
 C = Inter-level travel time spent in this place.
 D = Time resting spent in this place.
 E = Time spent auto-exploring this place.
 F = Levels seen in this place.
 G = Mean time per level.
                   A        B        C        D        E       F      G
               +--------+--------+--------+--------+--------+-----+--------+
         Total |   2965 |   2927 |     38 |    403 |   2031 |   3 |  988.3 |
       Dungeon |   2965 |   2927 |     38 |    403 |   2031 |   3 |  988.3 |
               +--------+--------+--------+--------+--------+-----+--------+

Top non-repeatable levels by time:
     D:2: 1257 daAuts
     D:1: 1181 daAuts
     D:3: 527 daAuts

Table legend:
 A = Non-vault XP
 B = Vault XP
 C = Vault XP percentage of total XP
 D = Non-vault monster count
 E = Vault monster count
 F = Vault count percentage of total count
                 A         B        C        D         E       F
            +---------+---------+-------+---------+---------+-------
      Total |     168 |       0 |   0.0 |      52 |       0 |   0.0
            +---------+---------+-------+---------+---------+-------
        D:1 |      30 |       0 |   0.0 |      18 |       0 |   0.0
        D:2 |      54 |       0 |   0.0 |      22 |       0 |   0.0
        D:3 |      84 |       0 |   0.0 |      12 |       0 |   0.0
            +---------+---------+-------+---------+---------+-------
